 Dungeon Crawl Stone Soup version 0.29-a0-297-g7659ce593d (webtiles) character file.

Game seed: 12679443412511820595

18685 kae the Arsonist (level 12, -6/112 HPs)
             Began as a Tengu Fire Elementalist on Mar 20, 2022.
             Was an Elder of Vehumet.
             Mangled by a komodo dragon (10 damage)
             ... on level 1 of the Lair of Beasts.
             The game lasted 00:18:49 (21204 turns).

kae the Arsonist (Tengu Fire Elementalist)         Turns: 21204, Time: 00:18:50

Health: -6/112     AC: 30    Str: 10    XL:     12   Next: 61%
Magic:  27/34      EV:  2    Int: 19    God:    Vehumet [****..]
Gold:   813        SH:  0    Dex: 15    Spells: 14/27 levels left

rFire   . . .      SeeInvis .   r - +2 dagger (venom)
rCold   . . .      Faith    .   (no shield)
rNeg    . . .      Spirit   .   (body armour currently unavailable)
rPois   +          Reflect  .   (helmet currently unavailable)
rElec   .          Harm     .   (cloak currently unavailable)
rCorr   .          Rampage  .   (gloves currently unavailable)
Will    .....      NoTele   +   (boots unavailable)
Stlth   ++........              (no amulet)
HPRegen 0.28/turn               h - +4 ring of protection
MPRegen 0.24/turn               k - ring of magical power

@: lethally poisoned (-6 -> -14), tree-form, frozen, very slow
A: stationary, stasis, torment immunity, boosted hp, (beak), (talons 3), nimble
flight
a: Renounce Religion


You were on level 1 of the Lair of Beasts.
You worshipped Vehumet.
Vehumet was greatly pleased with you.
You were a tree.
You visited 4 branches of the dungeon, and saw 14 of its levels.
You also visited: Bailey.

You collected 813 gold pieces.

Inventory:

Hand Weapons
 r - a +2 dagger of venom (weapon)
Missiles
 w - 4 throwing nets
Armour
 q - the +2 robe of Shielding {Harm Dex+4}
   (You found it on level 4 of the Dungeon)

   Dex:       It affects your dexterity (+4).
   Harm:      It increases damage dealt and taken.
 s - a +0 cloak (melded)
 u - a +1 pair of gloves of dexterity (melded)
 D - +1 swamp dragon scales (melded)
Jewellery
 a - a ring of protection from fire
 h - a +4 ring of protection (left branch)
 j - a ring of flight
 k - a ring of magical power (right branch)
 x - a ring of wizardry
Wands
 e - a wand of paralysis (25)
 p - a wand of flame (13)
 v - a wand of acid (3)
 A - a wand of digging (3)
 F - a wand of polymorph (9)
Scrolls
 d - 9 scrolls of identify
 f - a scroll of teleportation
 y - 4 scrolls of magic mapping
 z - 3 scrolls of enchant weapon
Potions
 b - a potion of magic
 c - 2 potions of might
 g - 2 potions of heal wounds
 i - 2 potions of haste
 l - a potion of berserk rage
 m - 2 potions of degeneration
 n - 4 potions of curing
 B - 3 potions of cancellation
 C - 2 potions of flight
 E - 2 potions of brilliance {unknown}


   Skills:
 + Level 8.4 Fighting
 + Level 6.8 Dodging
 - Level 2.0 Stealth
 + Level 8.1 Spellcasting
 + Level 11.2 Conjurations
 * Level 13.6 Fire Magic
 * Level 4.8 Evocations


You had 14 spell levels left.
You knew the following spells:

 Your Spells              Type           Power      Damage    Failure   Level
a - Foxfire               Conj/Fire      100%       2x1d9     1%          1
b - Scorch                Fire           100%       2d10      1%          2
c - Conjure Flame         Conj/Fire      53%        6-21      1%          3
d - Inner Flame           Hex/Fire       33%        N/A       1%          3
e - Flame Wave            Conj/Fire      53%        2d11      1%          4

Your spell library contained the following spells:

 Spells                   Type           Power      Damage    Failure   Level
 Frozen Ramparts          Ice            14%        1d3       7%          3
 Orb of Destruction       Conj           25%        9d9       19%         7
 Call Canine Familiar     Summ           7%         N/A       26%         3
 Gell's Gravitas          Tloc           7%         N/A       26%         3
 Lesser Beckoning         Tloc           7%         N/A       26%         3
 Portal Projectile        Hex/Tloc       14%        N/A       26%         3
 Summon Guardian Golem    Hex/Summ       7%         N/A       26%         3
 Teleport Other           Tloc           7%         N/A       26%         3
 Leda's Liquefaction      Hex/Erth       3%         N/A       65%         4
 Spellforged Servitor     Conj/Summ      14%        N/A       86%         7


Dungeon Overview and Level Annotations

Branches:
Dungeon (11/15)            Temple (1/1) D:4            Lair (1/6) D:8
    Orc (1/2) D:9          Bailey (visited)

Altars:
Ashenzari
Cheibriados
Dithmenos
Elyvilon
Fedhas
Gozag
Hepliaklqana
Kikubaaqudgha
Makhleb
Nemelex Xobeh
Okawaru
Qazlal
Ru
Sif Muna
Trog
Uskayaw
Vehumet
Wu Jian
Xom
Yredelemnul
Zin
The Shining One

Shops:
D:8 *   D:9 [

Annotations:
D:10 Snorg


Innate Abilities, Weirdness & Mutations

You are a tree.
Your roots penetrate the ground, keeping you stationary.
You cannot be teleported.
You are immune to unholy pain and torment.
Your maximum health is greatly increased.
Your equipment is partially melded.
((You have a beak for a mouth.))
((You have claws for feet.))
Your magical nature lets you fly swiftly and evasively.


Message History

Confirm with . or Enter, or press ? or * to list all spells.
Flames lash the rime drake.
The rime drake is burned terribly!
The rime drake is almost dead.
The cane toad completely misses you.
The cane toad stings you but does no damage.
Okay, then.
Really quaff the potion of lignification?
You turn into a tree.
Your +0 cloak melds into your body.
Your +1 pair of gloves of dexterity melds into your body.
Your +1 swamp dragon scales melds into your body.
You feel clumsy.
Your roots penetrate the ground.
The cane toad stings you!
* * * LOW HITPOINT WARNING * * *
You are lethally poisoned!
The cane toad poisons you!
Casting: Scorch (safe; 1% risk of failure)
Confirm with . or Enter, or press ? or * to list all spells.
Flames lash the cane toad.
The cane toad is burned terribly!
You kill the cane toad!
Vehumet accepts your kill.
You feel your power returning.
* * * LOW HITPOINT WARNING * * *
You feel very sick.
* * * LOW HITPOINT WARNING * * *
You feel very sick. The rime drake breathes ice at you.
The flash freeze hits you but does no damage.
You are encased in ice.
Casting: Scorch (safe; 1% risk of failure)
Confirm with . or Enter, or press ? or * to list all spells.
Flames lash the rime drake.
The rime drake is burned terribly!
You kill the rime drake!
Vehumet accepts your kill.
You feel your power returning.
* * * LOW HITPOINT WARNING * * *
You feel very sick.
* * * LOW HITPOINT WARNING * * *
You feel very sick. The komodo dragon bites you!
You die...

######### ########
........#### ##......#
#...........####.......##
#............##.#.≈≈≈≈.#.
#.................≈##≈...
#.................≈#≈≈...
#........#........≈≈≈≈...
#.......♣#<##...#......#.
##....##l..#....###.##..
#.....##..÷....####.##..
#..............# #P.....
#...........)..###..Fk..
##..P###...##...........
##..## #...##...........
###P..##
#..###..#.#......
#P.....#
#..##P........###


You could see a komodo dragon.

Vanquished Creatures
  Harold (D:9)
  Erica (Lair:1)
  Sonja (D:10)
  Nergalle (D:11)
  2 orc knights (Bailey)
  2 cyclopes
  A manticore (D:11)
  Maurice (D:11)
  2 cane toads (Lair:1)
  Maggie (D:9)
  A kobold demonologist (D:11)
  2 rime drakes
  Psyche (D:9)
  3 trolls
  A hornet (D:6)
  2 dream sheep (D:9)
  A blink frog (Lair:1)
  2 shadows
  3 wyverns
  24 yaks
  Grum (D:9)
  4 steam dragons
  A basilisk (shapeshifter) (D:11)
  2 vampire mosquitoes
  An acid dragon (D:10)
  5 water moccasins
  2 sky beasts
  4 ogres
  4 ice beasts
  12 orc warriors
  2 centaurs
  2 wolves
  4 kobold brigands
  5 bullfrogs
  4 scorpions
  A necrophage (D:4)
  3 killer bees (D:11)
  An electric eel (Lair:1)
  3 howler monkeys
  8 orc priests
  Crazy Yiuf (D:4)
  3 hounds
  2 jellies
  2 gnoll shamans
  3 iguanas
  8 orc wizards
  Natasha (twice) (D:3)
  11 gnolls
  5 adders
  A shadow imp (D:7)
  2 white imps
  A worm (D:5)
  A dart slug (D:3)
  97 orcs
  9 ball pythons
  3 endoplasms
  6 giant cockroaches
  8 goblins
  7 hobgoblins
  21 kobolds
  5 quokkas
  7 bats
  4 frilled lizards
  4 rats
335 creatures vanquished.

Vanquished Creatures (collateral kills)
  2 vampire mosquitoes (D:10)
  A gnoll sergeant (D:9)
  A gnoll (D:9)
  6 foxfires (D:2)
10 creatures vanquished.

Vanquished Creatures (others)
  An orc wizard (D:10)
  841 foxfires
  17 plants (D:2)
859 creatures vanquished.

Grand Total: 1204 creatures vanquished

Notes
Turn   | Place    | Note
-------+----------+-------------------------------------------
     0 | D:1      | kae the Tengu Fire Elementalist began the quest for the
                  | Orb.
     0 | D:1      | Reached XP level 1. HP: 10/10 MP: 4/4
   154 | D:1      | Reached XP level 2. HP: 16/16 MP: 4/6
   360 | D:1      | Found a faded altar of an unknown god.
  1416 | D:2      | Reached skill level 1 in Fighting
  1416 | D:2      | Reached XP level 3. HP: 20/20 MP: 4/7
  1419 | D:2      | Learned a level 2 spell: Scorch
  1423 | D:2      | Learned a level 3 spell: Conjure Flame
  1830 | D:2      | Reached skill level 4 in Fire Magic
  2653 | D:3      | Noticed Natasha
  2657 | D:3      | Killed Natasha
  2658 | D:3      | Reached XP level 4. HP: 25/25 MP: 5/8
  3025 | D:3      | Noticed Natasha
  3033 | D:3      | Killed Natasha
  3423 | D:4      | Gained mutation: Your magical nature lets you fly swiftly
                  | and evasively. [Tengu growth]
  3423 | D:4      | Reached XP level 5. HP: 30/30 MP: 6/10
  3544 | D:4      | Identified the +2 robe of Shielding {Harm Dex+4}
  3824 | D:4      | Reached skill level 5 in Fire Magic
  4003 | D:4      | Found a staircase to the Ecumenical Temple.
  4061 | D:4      | Reached XP level 6. HP: 33/36 MP: 2/11
  4088 | Temple   | Entered the Ecumenical Temple
  4410 | Temple   | Became a worshipper of Vehumet
  4448 | D:4      | Learned a level 3 spell: Inner Flame
  4521 | D:4      | Found a runed translucent door.
  4522 | D:4      | Noticed Crazy Yiuf
  4772 | D:4      | Killed Crazy Yiuf
  4904 | D:5      | Entered Level 5 of the Dungeon
  5090 | D:5      | Noticed a sky beast
  5102 | D:5      | Killed a sky beast
  5176 | D:5      | Reached skill level 6 in Fire Magic
  5176 | D:5      | Reached XP level 7. HP: 40/40 MP: 9/13
  5709 | D:5      | Found a snail-covered altar of Cheibriados.
  5766 | D:5      | Reached skill level 5 in Conjurations
  5826 | D:5      | Reached XP level 8. HP: 46/46 MP: 10/15
  5900 | D:5      | Reached skill level 7 in Fire Magic
  7072 | D:6      | Reached skill level 8 in Fire Magic
  7557 | D:6      | Noticed a hornet
  8031 | D:6      | Learned a level 4 spell: Flame Wave
  8082 | D:6      | Killed a hornet
  8169 | D:7      | Reached XP level 9. HP: 52/52 MP: 17/17
  8233 | D:7      | Found a shimmering blue altar of Sif Muna.
  8233 | D:7      | Found a basalt altar of Yredelemnul.
  8243 | D:7      | Reached skill level 5 in Spellcasting
  8371 | D:7      | Reached * piety under Vehumet
  8371 | D:7      | Offered knowledge of Shock by Vehumet.
  8545 | D:7      | Reached skill level 5 in Fighting
  8767 | D:7      | Reached skill level 9 in Fire Magic
  9382 | D:7      | Reached skill level 10 in Fire Magic
 10048 | D:8      | Reached XP level 10. HP: 57/60 MP: 19/19
 10147 | D:8      | Found a staircase to the Lair.
 10153 | D:8      | Reached ** piety under Vehumet
 10153 | D:8      | Offered knowledge of Magic Dart by Vehumet.
 10196 | D:8      | Found a flagged portal.
 10346 | Bailey   | Entered a bailey
 10748 | Bailey   | Noticed an orc knight
 10773 | Bailey   | Offered knowledge of Poisonous Vapours by Vehumet.
 10848 | Bailey   | Noticed an orc knight
 11138 | Bailey   | Killed an orc knight
 11384 | Bailey   | Killed an orc knight
 11662 | D:8      | Reached *** piety under Vehumet
 11894 | D:8      | Reached skill level 11 in Fire Magic
 12123 | D:8      | Offered knowledge of Hailstorm by Vehumet.
 12505 | D:8      | Found Wiblase's General Store.
 12506 | D:8      | Found Quxtoir's Specific Store.
 12940 | D:9      | Reached XP level 11. HP: 63/66 MP: 22/22
 12948 | D:9      | Reached **** piety under Vehumet
 12971 | D:9      | Offered knowledge of Frozen Ramparts by Vehumet.
 13050 | D:9      | Found a staircase to the Orcish Mines.
 13215 | D:9      | Noticed Maggie
 13283 | D:9      | Killed Maggie
 13680 | D:9      | Noticed Psyche
 13685 | D:9      | Killed Psyche
 13686 | D:9      | Reached skill level 12 in Fire Magic
 13708 | D:9      | Found Ihidwi Imopi's Armour Shop.
 13869 | D:9      | Noticed Grum
 14180 | D:8      | Reached skill level 5 in Dodging
 14305 | D:9      | Killed Grum
 14399 | D:9      | Reached skill level 10 in Conjurations
 14654 | D:9      | Noticed Harold
 14665 | D:9      | Killed Harold
 14961 | D:10     | Entered Level 10 of the Dungeon
 15375 | D:10     | Noticed Sonja
 15517 | D:10     | Noticed Snorg
 15567 | D:10     | Reached skill level 1 in Evocations
 15672 | D:10     | Found a shadowy altar of Dithmenos.
 15965 | D:10     | Noticed a cyclops
 15974 | D:10     | Killed a cyclops
 15995 | D:10     | Killed Sonja
 16143 | D:10     | Found a glowing golden altar of the Shining One.
 16143 | D:10     | Found a hazy altar of Hepliaklqana.
 16147 | D:10     | Found a sacrificial altar of Ru.
 16490 | D:10     | Found a shadowy altar of Dithmenos.
 17054 | D:10     | Found a glowing golden altar of the Shining One.
 17054 | D:10     | Found a hazy altar of Hepliaklqana.
 17058 | D:10     | Found a sacrificial altar of Ru.
 17418 | Orc:1    | Entered Level 1 of the Orcish Mines
 18370 | D:10     | Found a shadowy altar of Dithmenos.
 18433 | D:10     | Found a glowing golden altar of the Shining One.
 18433 | D:10     | Found a hazy altar of Hepliaklqana.
 18437 | D:10     | Found a sacrificial altar of Ru.
 18518 | D:11     | Reached XP level 12. HP: 73/73 MP: 24/24
 18603 | D:11     | Reached skill level 13 in Fire Magic
 18904 | D:11     | Noticed Maurice
 18931 | D:11     | Killed Maurice
 19525 | D:11     | Noticed Nergalle
 19534 | D:11     | Killed Nergalle
 20629 | Lair:1   | Entered Level 1 of the Lair of Beasts
 20678 | Lair:1   | Noticed Erica
 20978 | Lair:1   | Killed Erica
 21204 | Lair:1   | HP: 4/112 [poisoned by a cane toad]
 21204 | Lair:1   | Mangled by a komodo dragon

Illustrated notes

Levels and vault maps discovered:
D:1:      giann_horns, layout_loops_cross,
          chequers_ecumenical_altar_simple_redux, palyth_stone_intersect,
          hangedman_decor_growths
D:2:      layout_basic, serial_bayou, serial_bayou_pond_c, serial_bayou_shore_a,
          serial_bayou_pond_d, serial_bayou_lagoon_a, minivault_26,
          grunt_ministairs_9
D:3:      layout_basic, uniq_natasha
D:4:      layout_gridville, minmay_temple_entry_hall, uniq_crazy_yiuf_cottage
D:5:      nicolae_cairo_tiling, layout_basic,
          mainiacjoe_overflow_small_starburst
D:6:      layout_layer_cave
D:7:      layout_rooms, chequers_temple_overflow_statue_of_worship,
          serial_curves, eino_curves_04, eino_curves_03, eino_curves_01,
          minmay_alternating_orb
D:8:      layout_loops_ring, lair_entry_dummy, enter_bailey_6, special_room
          [special_room_orc], nicolae_specific_store, grunt_ministairs_9
D:9:      layout_irregular_city, hiddenorc2_lemuel, serial_shops,
          shop_fountains, dreamdust_gnoll_shepherd, uniq_maggie, uniq_psyche,
          uniq_grum, uniq_harold
D:10:     layout_irregular_city, mainiacjoe_overflow_alcove_1, minitemple,
          uniq_snorg, uniq_sonja
D:11:     layout_roguey, uniq_maurice, uniq_nergalle
Temple:   regret_index_temple_generic_petals
Lair:1:   gammafunk_boulding_lane, layout_gridlike, small_statue_intersection,
          st_stairs_10, beast_lair_carwin_7, infiniplex_staircase_pool_2,
          lemuel_fruit_fields, uniq_erica, uniq_gastronok
Orc:1:    layout_diamond_mine, serial_shops

Skill      XL: |  1  2  3  4  5  6  7  8  9 10 11 12 |
---------------+-------------------------------------+-----
Conjurations   | 2 3 4 5 6 8 9 10 11 | 11.2
Fighting       | 1 2 3 4 5 6 7 8 |  8.4
Fire Magic     | 4 5 6 8 10 11 12 13 | 13.6
Spellcasting   | 3 4 5 6 7 8 |  8.1
Dodging        | 4 6 |  6.8
Evocations     | 2 4 |  4.8
Stealth        | |  2.0

Action                   |  1- 3 |  4- 6 |  7- 9 | 10-12 || total
-------------------------+-------+-------+-------+-------++-------
Melee: Unarmed           |    11 |       |       |       ||    11
       Kick              |     3 |       |       |     1 ||     4
       Peck              |     2 |       |       |       ||     2
       Dagger            |       |     5 |       |     1 ||     6
 Cast: Foxfire           |    87 |    80 |   111 |   233 ||   511
       Scorch            |       |    14 |    68 |   245 ||   327
       Conjure Flame     |       |     3 |     4 |    12 ||    19
       Inner Flame       |       |       |     4 |    35 ||    39
  Use: Scroll            |       |     6 |    10 |     8 ||    24
       Potion            |       |       |       |     7 ||     7
Armor: Robe              |     4 |     3 |    29 |    36 ||    72
       Swamp dragon scal |       |       |       |    57 ||    57
       Skin              |       |       |       |     1 ||     1
Dodge: Dodged            |    12 |    19 |    58 |   267 ||   356

Table legend: (Time is in decaauts)
 A = Elapsed time spent in this place.
 B = Non-inter-level travel time spent in this place.
 C = Inter-level travel time spent in this place.
 D = Time resting spent in this place.
 E = Time spent auto-exploring this place.
 F = Levels seen in this place.
 G = Mean time per level.
                   A        B        C        D        E       F      G
               +--------+--------+--------+--------+--------+-----+--------+
         Total |  20461 |  19779 |    682 |   5039 |  11571 |  15 | 1364.1 |
       Dungeon |  18362 |  17733 |    629 |   4329 |  10724 |  11 | 1669.3 |
        Temple |    325 |    281 |     44 |      0 |    271 |   1 |  325.0 |
          Lair |    303 |    303 |      0 |    133 |     48 |   1 |  303.0 |
  Orcish Mines |    265 |    257 |      8 |    209 |     24 |   1 |  265.0 |
        Bailey |   1205 |   1205 |      0 |    368 |    502 |   1 | 1205.0 |
               +--------+--------+--------+--------+--------+-----+--------+

Top non-repeatable levels by time:
     D:9: 2614 daAuts
    D:10: 2284 daAuts
     D:8: 2170 daAuts
    D:11: 1822 daAuts
     D:6: 1740 daAuts
     D:7: 1732 daAuts
     D:5: 1482 daAuts
     D:2: 1231 daAuts
     D:1: 1222 daAuts
  Bailey: 1205 daAuts
     D:3: 1045 daAuts
     D:4: 1015 daAuts
  Temple: 325 daAuts
  Lair:1: 303 daAuts
   Orc:1: 265 daAuts
